 Dungeon Crawl Stone Soup version 0.28.0-53-g5a82cb258f (webtiles) character file.

Game seed: 4427490776351835666

3 mcbry74 the Grave Robber (level 1, -1/10 HPs)
             Began as a Deep Elf Necromancer on July 10, 2022.
             Slain by a quokka (5 damage)
             ... on level 1 of the Dungeon.
             The game lasted 00:00:48 (34 turns).

mcbry74 the Grave Robber (Deep Elf Necromancer)       Turns: 34, Time: 00:00:49

Health: -1/10      AC:  2    Str:  5    XL:     1   Next: 41%
Magic:  1/6        EV: 12    Int: 19    God:
Gold:   0          SH:  0    Dex: 15    Spells: 4/6 levels left

rFire   . . .      SeeInvis .   (no weapon)
rCold   . . .      Faith    .   (no shield)
rNeg    . . .      Spirit   .   a - +0 robe
rPois   .          Reflect  .   (no helmet)
rElec   .          Harm     .   (no cloak)
rCorr   .          Rampage  .   (no gloves)
Will    .....                   (no boots)
Stlth   ++........              (no amulet)
HPRegen 0.03/turn               (no ring)
MPRegen 0.10/turn               (no ring)

@: no status effects
A: no striking features
a: no special abilities


You were on level 1 of the Dungeon.
You visited 1 branch of the dungeon, and saw 1 of its levels.

Inventory:

Armour
 a - a +0 robe (worn)


   Skills:
 - Level 2.4 Dodging
 - Level 2.4 Stealth
 - Level 3.0 Spellcasting
 + Level 5.0 Necromancy


You had 4 spell levels left.
You knew the following spells:

 Your Spells              Type           Power      Damage    Failure   Level
a - Pain                  Necr           88%        1d8       1%          1
b - Animate Skeleton      Necr           44%        N/A       1%          1

Your spell library contained the following spells:

 Spells                   Type           Power      Damage    Failure   Level
 Vampiric Draining        Necr           22%        2d7       5%          3
 Animate Dead             Necr           11%        N/A       19%         4
 Agony                    Necr           22%        N/A       45%         5


Dungeon Overview and Level Annotations

Branches:
Dungeon (1/15)

Altars:


Message History

The ball python writhes in agony.
You kill the ball python!
A rat comes into view.
Casting: Pain (safe; 1% risk of failure)
Confirm with . or Enter, or press ? or * to list all spells.
You attempt to give life to the dead...
Before your eyes, flesh is ripped from the corpse!
The dead are slithering!
Your ball python skeleton barely misses the quokka. x2
The quokka barely misses your rat skeleton.
Your ball python skeleton bites the quokka but does no damage.
Your ball python skeleton misses the quokka.
The quokka bites your rat skeleton.
Your rat skeleton completely misses the quokka.
Your ball python skeleton barely misses the quokka.
Your ball python skeleton grabs the quokka.
Your ball python skeleton constricts the quokka.
The quokka bites your rat skeleton.
Your rat skeleton is destroyed!
The quokka struggles to escape constriction.
Your ball python skeleton bites the quokka but does no damage.
Your ball python skeleton constricts the quokka.
The quokka barely misses you.
Your ball python skeleton bites the quokka but does no damage.
Your ball python skeleton constricts the quokka.
The rat bites you.
The quokka struggles to escape constriction.
Your ball python skeleton bites the quokka but does no damage.
Your ball python skeleton constricts the quokka.
Casting: Animate Skeleton (safe; 1% risk of failure)
Confirm with . or Enter, or press ? or * to list all spells.
Aiming: Pain (safe; 1% risk of failure)
Press: ? - help, Shift-Dir - straight line, f - rat
Aim: a rat (chance to affect: 91%)
The rat writhes in agony.
You kill the rat!
The quokka escapes!
The quokka bites you.
Ouch! That really hurt!
You die...

#.........#
#######.........# ##
................# #..
.#............# ....
##...)......## ..
....#####..........#####...
#.....#.................
##...###.......†...##..
.#####.#####....@rZ....>...
#...........#..............
##....<....###.............
##.......## ##............
...#.....#.....#......._...
..###...###...###..........
.# ##.## #.# ##......... .
... ... .......$. #.#


You could see a quokka (ally target) and a friendly ball python skeleton.

Vanquished Creatures
  A giant cockroach (D:1)
  A ball python (D:1)
  2 rats (D:1)
4 creatures vanquished.

Notes
Turn   | Place    | Note
-------+----------+-------------------------------------------
     0 | D:1      | mcbry74 the Deep Elf Necromancer began the quest for the
                  | Orb.
     0 | D:1      | Reached XP level 1. HP: 10/10 MP: 6/6
     2 | D:1      | Learned a level 1 spell: Animate Skeleton
    20 | D:1      | Reached skill level 5 in Necromancy
    21 | D:1      | Found a faded altar of an unknown god.
    34 | D:1      | Slain by a quokka

Illustrated notes

Levels and vault maps discovered:
D:1:      onia_arrival_pyramid, layout_rooms, serial_shops, shop, shop,
          ebering_ecumenical_altar_sacrificial, st_stairs_3, serial_park_tiny_1

Skill      XL: |  1 |
---------------+----+-----
Necromancy     | 5 |  5.0
Dodging        | |  2.4
Stealth        | |  2.4
Spellcasting   | |  3.0

Action                   || total
-------------------------++-------
 Cast: Pain              ||     5
       Animate Skeleton  ||     2
Dodge: Dodged            ||     1
